 Dungeon Crawl Stone Soup version 0.25.0-26-g0c896c7088 (webtiles) character file.

Game seed: 15747679143696800672

4920 protoss039 the Cleaver (level 10, -1/129 HPs)
             Began as a Minotaur Fighter on July 3, 2020.
             Was a Believer of Okawaru.
             Killed from afar by an electric eel (7 damage)
             ... with a bolt of electricity
             ... on level 9 of the Dungeon.
             The game lasted 00:14:38 (8798 turns).

protoss039 the Cleaver (Minotaur Fighter)           Turns: 8798, Time: 00:14:40

Health: -1/129     AC: 17    Str: 24    XL:     10   Next: 27%
Magic:  10/12      EV:  9    Int:  5    God:    Okawaru [**....]
Gold:   349        SH: 13    Dex: 10    Spells: 9/9 levels left

rFire    . . .     SeeInvis .   a - +0 war axe
rCold    . . .     Gourm    .   c - +0 kite shield
rNeg     . . .     Faith    .   r - +0 plate armour
rPois    .         Spirit   .   (helmet restricted)
rElec    .         Reflect  .   (no cloak)
rCorr    .         Harm     .   w - +0 pair of gloves
MR       .....                  (no boots)
Stlth    ..........             (no amulet)
HPRegen  0.31/turn              (no ring)
MPRegen  0.13/turn              (no ring)

@: mighty, berserking, heroism, very quick
A: retaliatory headbutt, horns 2
a: Heroism, Renounce Religion


You were on level 9 of the Dungeon.
You worshipped Okawaru.
Okawaru was pleased with you.
You were hungry.

You visited 2 branches of the dungeon, and saw 10 of its levels.

You collected 349 gold pieces.

Inventory:

Hand Weapons
 a - a +0 war axe (weapon)
 q - a +0 falchion of flaming
Armour
 c - a +0 kite shield (worn)
 r - a +0 plate armour (worn)
 w - a +0 pair of gloves (worn)
Jewellery
 p - an uncursed ring of positive energy {unknown}
 y - a +4 ring of evasion {unknown}
 E - an uncursed ring of stealth {unknown}
Wands
 g - a wand of clouds (7)
 B - a wand of enslavement (8)
Scrolls
 b - a scroll of silence
 h - a scroll of teleportation
 j - 3 scrolls of fear {unknown}
 k - 2 scrolls of remove curse {unknown}
 m - 3 scrolls of amnesia {unknown}
 n - 4 scrolls of fog {unknown}
 o - 2 scrolls of enchant weapon {unknown}
 s - 4 scrolls of blinking {unknown}
 x - a scroll of torment {unknown}
 z - a scroll of magic mapping
 C - a scroll of enchant armour
 D - a scroll of summoning
Potions
 i - 2 potions of lignification
 l - 2 potions of flight
 u - a potion of stabbing
 A - 2 potions of brilliance
 F - a potion of ambrosia
Comestibles
 f - 7 rations


   Skills:
 + Level 7.3(12.3) Fighting
 + Level 11.4(16.4) Axes
 + Level 9.0(14.0) Armour
 + Level 8.7(13.7) Shields
 * Level 4.7 Invocations


You had 9 spell levels left.
You didn't know any spells.
Your spell library contained the following spells:

 Spells                   Type           Power        Failure   Level  Hunger
 Magic Dart               Conj           #...         99%         1    ##.....
 Searing Ray              Conj           #.....       100%        2    ###....
 Dazzling Flash           Conj/Hex       #.....       100%        3    ####...
 Fulminant Prism          Conj/Hex       #.........   100%        4    #####..
 Iskenderun's Mystic Bla  Conj/Tloc      #.......     100%        4    #####..


Dungeon Overview and Level Annotations

Branches:
Dungeon (9/15)             Temple (1/1) D:6            Lair (0/6) D:9
    Orc: D:9-12

Altars:
Ashenzari
Cheibriados
Dithmenos
Elyvilon
Fedhas
Gozag
Hepliaklqana
Kikubaaqudgha
Makhleb
Nemelex Xobeh
Okawaru
Qazlal
Ru
Sif Muna
Trog
Uskayaw
Vehumet
Wu Jian
Xom
Yredelemnul
Zin
The Shining One

Shops:
D:4 [   D:6 }

Annotations:
D:3 3 runed translucent doors, xccam's ghost, amateur OpTm
D:9 Grum


Innate Abilities, Weirdness & Mutations

You reflexively headbutt those who attack you in melee.
You have a pair of horns on your head.


Message History

The wolf bites you but does no damage.
Found a staircase to the Lair.
Things that are here:
a quokka corpse; a hound corpse x2
Unknown command.
Unknown command.
Unknown command.
You hit Grum.
Grum is lightly wounded.
You barely miss the hound. You slash the wolf!
You kill the wolf!
Okawaru accepts your kill.
Your base Armour skill increases to level 9!
Grum hits you with a -1 glaive!
* * * LOW HITPOINT WARNING * * *
The gnoll shaman calls upon its god to heal Grum.
Grum is healed somewhat.
The electric eel shoots out a bolt of lightning at you!
The bolt of electricity hits you!
You die...

.........# #.#
.........#.... #.#
...#.#..#... #.# ####
..#.#....... #.##
....##+#.#.#....#...#.#.
...........#............
.......††..#...#######.)
...≈..h†...#............
≈≈≈.;..@.#.#..#######...
≈≈≈≈;.g..#......#.).+...
≈≈≈≈≈Tg.##..#.#.#'###...
≈≈≈g.g≈≈##....#....#####
.≈.g≈≈≈≈##.#..#.........
..≈≈≈≈≈≈......#....####.
>..≈≈≈≈≈####..#.#<......
...≈≈≈≈≈# ##.#.########
#.#.........


You could see Grum, a troll, a gnoll shaman, a hound, 2 electric eels and 3
gnolls.

Vanquished Creatures
  A two-headed ogre (D:8)
  Grinder (D:5)
  A hornet (D:9)
  Eustachio (D:5)
  Duvessa (D:5)
  2 water moccasins
  An orc warrior (D:8)
  2 ice beasts (D:6)
  5 ogres
  6 wolves (D:9)
  A phantom (D:5)
  3 centaurs
  A big kobold (D:9)
  Dowan (D:5)
  2 bullfrogs
  A gnoll sergeant (D:8)
  A water moccasin zombie (D:9)
  4 scorpions
  6 killer bees (D:7)
  2 howler monkeys
  A bullfrog zombie (D:6)
  2 centaur zombies
  2 orc priests (D:9)
  2 jellies
  4 hounds
  2 iguanas
  5 orc wizards
  7 worker ants
  4 hound zombies
  A hound skeleton (D:8)
  5 gnolls (D:8)
  6 adders
  2 shadow imps
  2 oozes
  2 worms
  An adder skeleton (D:9)
  An adder zombie (D:5)
  3 dart slugs
  A leopard gecko (D:5)
  15 orcs
  5 ball pythons
  6 giant cockroaches
  4 goblins
  9 hobgoblins
  13 jackals
  13 kobolds
  5 quokkas
  A ball python skeleton (D:4)
  12 bats
  2 frilled lizards
  A jackal zombie (D:7)
  A quokka skeleton (D:5)
  A quokka zombie (D:7)
  8 rats
192 creatures vanquished.

Notes
Turn   | Place    | Note
-------+----------+-------------------------------------------
     0 | D:1      | protoss039 the Minotaur Fighter began the quest for the
                  | Orb.
     0 | D:1      | Reached XP level 1. HP: 19/19 MP: 0/0
    85 | D:1      | Reached XP level 2. HP: 25/27 MP: 1/1
   898 | D:2      | Reached XP level 3. HP: 27/33 MP: 2/2
   905 | D:2      | Reached skill level 3 in Axes
  1203 | D:2      | Found an ancient bone altar of Kikubaaqudgha.
  1796 | D:3      | Reached XP level 4. HP: 35/40 MP: 3/3
  1867 | D:3      | Reached skill level 4 in Axes
  1922 | D:3      | Reached XP level 5. HP: 41/47 MP: 4/4
  2368 | D:3      | Found a runed translucent gate.
  2368 | D:3      | Found a runed translucent gate.
  2368 | D:3      | Found a runed translucent gate.
  2377 | D:3      | Noticed xccam's ghost (amateur OpTm)
  2550 | D:3      | Found an ornate altar of the Wu Jian Council.
  2823 | D:4      | Reached skill level 5 in Axes
  2823 | D:4      | Reached skill level 5 in Armour
  2823 | D:4      | Reached skill level 5 in Shields
  2955 | D:4      | Reached XP level 6. HP: 47/53 MP: 5/5
  3016 | D:4      | Found a white marble altar of Elyvilon.
  3217 | D:4      | Found a shadowy altar of Dithmenos.
  3358 | D:4      | Found Curuash's Armour Boutique.
  3380 | D:4      | Found an opulent altar of Gozag.
  3430 | D:4      | Found a snail-covered altar of Cheibriados.
  3738 | D:5      | Entered Level 5 of the Dungeon
  4008 | D:5      | Reached skill level 6 in Axes
  4008 | D:5      | Reached XP level 7. HP: 36/60 MP: 6/6
  4176 | D:5      | Noticed Eustachio
  4191 | D:5      | Killed Eustachio
  4286 | D:5      | Noticed Grinder
  4292 | D:5      | Paralysed by Grinder for 6 turns
  4304 | D:5      | Killed Grinder
  4304 | D:5      | Reached skill level 5 in Fighting
  4304 | D:5      | Reached skill level 7 in Axes
  4513 | D:5      | Reached XP level 8. HP: 24/68 MP: 7/7
  4770 | D:5      | Noticed Duvessa
  4771 | D:5      | Noticed Dowan
  4782 | D:5      | Killed Duvessa
  4782 | D:5      | Reached skill level 8 in Axes
  4784 | D:5      | Killed Dowan
  5169 | D:6      | Found Extaisi's Gadget Shoppe.
  5183 | D:6      | Found a stormy altar of Qazlal.
  5183 | D:6      | Found a shimmering altar of Xom.
  5362 | D:6      | Found a staircase to the Ecumenical Temple.
  5437 | D:6      | Found a glowing golden altar of the Shining One.
  5470 | D:6      | Reached skill level 9 in Axes
  5802 | Temple   | Entered the Ecumenical Temple
  5925 | Temple   | Became a worshipper of Warmaster Okawaru
  6145 | D:7      | Reached skill level 1 in Invocations
  6311 | D:7      | Reached XP level 9. HP: 18/75 MP: 9/9
  6329 | D:7      | Reached * piety under Okawaru
  6950 | D:7      | Found an opulent altar of Gozag.
  7533 | D:8      | Noticed a two-headed ogre
  7552 | D:8      | Killed a two-headed ogre
  7552 | D:8      | Reached skill level 10 in Axes
  8118 | D:8      | Found a radiant altar of Vehumet.
  8180 | D:8      | Reached ** piety under Okawaru
  8366 | D:9      | Reached XP level 10. HP: 83/84 MP: 12/12
  8396 | D:9      | Reached skill level 11 in Axes
  8782 | D:9      | Noticed Grum
  8791 | D:9      | Reached *** piety under Okawaru
  8797 | D:9      | Found a staircase to the Lair.
  8798 | D:9      | HP: 6/129 [Grum/-1 glaive (15)]
  8798 | D:9      | Killed from afar by an electric eel

Illustrated notes

Levels and vault maps discovered:
D:1:      lemuel_arrival_river_bridge, layout_loops_ring
D:2:      layout_basic, nicolae_overflow_hidden_temple, first_ration
D:3:      layout_basic, lemuel_round_altar, gammafunk_ghost_necromancy,
          nrook_mini_vaults
D:4:      layout_cave_pools, kennysheep_little_box, nicolae_gozag_seed_capital,
          nicolae_overflow_crystal_walls, serial_shops, shop,
          kennysheep_slug_shrine
D:5:      layout_layer_cave, chequers_serial_rivers_micro_d, uniq_grinder,
          uniq_duvessa, uniq_eustachio
D:6:      layout_cave_pods, old_standard_altar, amethyst_overflow_temple_binary,
          minmay_temple_entry_purple_smoke, serial_shops,
          nicolae_shop_behind_doors
D:7:      layout_loops_cross, basic_altar
D:8:      layout_rooms, overflow_temple_1_default
D:9:      layout_basic, erik_lair_island, uniq_grum
Temple:   nicolae_temple_figure_eight

Skill      XL: |  1  2  3  4  5  6  7  8  9 10 |
---------------+-------------------------------+-----
Shields        | 4 5 6 7 8 |  8.7
Fighting       | 4 5 6 7 |  7.3
Armour         | 4 5 6 7 8 9 |  9.0
Axes           | 3 4 5 6 7 9 10 11 | 11.4
Invocations    | 1 4 |  4.7

Action                   |  1- 3 |  4- 6 |  7- 9 | 10-12 || total
-------------------------+-------+-------+-------+-------++-------
Melee: War axe           |   102 |   151 |   292 |    71 ||   616
       Headbutt          |    15 |    30 |    54 |    11 ||   110
Invok: Heroism           |       |       |     1 |     1 ||     2
  Use: Potion            |       |       |     6 |     2 ||     8
       Scroll            |       |       |    13 |       ||    13
  Eat: Chunk             |     2 |     7 |     8 |     1 ||    18
       Ration            |       |       |     2 |       ||     2
Armor: Scale mail        |    46 |    57 |       |       ||   103
       Plate armour      |       |     6 |   133 |    70 ||   209
Dodge: Dodged            |    32 |    33 |    56 |    45 ||   166
Block: Kite shield       |    63 |    77 |   175 |    60 ||   375
